[ AOE2 MATCH · #475331472 ]
UnrankedMongols vs Vikings
[ REPLAY ANALYSIS · EXTRACTED FROM THE RECORDED GAME ]
Feudal
13:14
Castle
17:16
Imperial
—
| APM avg | 33.1 |
| APM peak | 58 |
| eAPM avg | 20.2 |
| Villagers / military | 72 / 17 |
Focus
⚔️ 19.0% · 🌾 81.0%
Spearman ×8 · Fishing Ship ×6 · Mangudai ×5 · Cavalry Archer ×3 · Archer ×1
Feudal
15:37
Castle
22:02
Imperial
—
| APM avg | 24.7 |
| APM peak | 64 |
| eAPM avg | 15.5 |
| Villagers / military | 75 / 22 |
Focus
⚔️ 25.9% · 🌾 74.1%
Fishing Ship ×22 · Berserk ×16 · Mangonel ×5 · Battering Ram ×1
Feudal
13:34
Castle
20:18
Imperial
—
| APM avg | 29.9 |
| APM peak | 60 |
| eAPM avg | 16.0 |
| Villagers / military | 58 / 18 |
Focus
⚔️ 17.3% · 🌾 82.7%
Fishing Ship ×11 · Genoese Crossbowman ×9 · Spearman ×5 · Unknown (2626) ×5 · Archer ×4 · Trade Cart ×1
Feudal
14:57
Castle
19:44
Imperial
—
| APM avg | 43.8 |
| APM peak | 96 |
| eAPM avg | 15.2 |
| Villagers / military | 69 / 16 |
Focus
⚔️ 15.4% · 🌾 84.6%
Fishing Ship ×18 · Knight ×9 · Battering Ram ×4 · Monaspa ×2 · Demolition Raft ×1
Match map
Initial resources + every placement click. Lines = walls · curves = elevation contours. ◆ gold · ⬟ stone · ● berries · ✦ relic · ◌ wall gap
Your base· Open — 10t gap
Kuba's base· Open — unwalled flank
Burx's base· Open — 6t gap
DeineMudda's base· Open — 5t gap
Smoothed initial terrain · ◌ = detected wall gap · hover for details
Inputs per minute
— Balls - - Kuba
Build order — Balls
First 150 of 178 actions detected
| 0:38 | Build | House |
| 1:01 | Build | Town Center |
| 1:38 | Build | Dock |
| 3:34 | Create | Villager (Male) |
| 3:35 | Create | Villager (Male) |
| 3:35 | Create | Villager (Male) |
| 4:27 | Create | Villager (Male) |
| 4:27 | Create | Villager (Male) |
| 4:27 | Create | Villager (Male) |
| 5:22 | Build | House |
| 5:29 | Create | Fishing Ship |
| 5:36 | Create | Villager (Male) |
| 5:36 | Create | Villager (Male) |
| 6:29 | Create | Villager (Male) |
| 6:29 | Create | Villager (Male) |
| 6:29 | Create | Villager (Male) |
| 6:30 | Create | Villager (Male) |
| 7:00 | Create | Villager (Male) |
| 7:01 | Create | Villager (Male) |
| 7:01 | Create | Villager (Male) |
| 7:10 | Create | Fishing Ship |
| 7:35 | Build | House |
| 7:39 | Create | Villager (Male) |
| 7:40 | Create | Villager (Male) |
| 8:04 | Create | Villager (Male) |
| 8:21 | Create | Fishing Ship |
| 9:07 | Build | Mill |
| 10:00 | Create | Villager (Male) |
| 10:01 | Create | Fishing Ship |
| 10:11 | Create | Villager (Male) |
| 10:14 | Research | Loom |
| 10:15 | Create | Villager (Male) |
| 10:20 | Build | House |
| 10:46 | Research | Feudal Age |
| 11:20 | Build | House |
| 11:28 | Create | Fishing Ship |
| 13:14 | Age | Feudal Age |
| 13:20 | Build | Market |
| 13:27 | Build | Blacksmith |
| 13:45 | Build | Palisade Wall |
| 13:46 | Create | Villager (Male) |
| 13:46 | Create | Villager (Male) |
| 13:53 | Build | Palisade Gate |
| 14:19 | Build | Lumber Camp |
| 14:28 | Research | Castle Age |
| 14:42 | Create | Fishing Ship |
| 15:00 | Research | Double-Bit Axe |
| 15:00 | Research | Double-Bit Axe |
| 16:25 | Build | Outpost |
| 16:42 | Create | Villager (Male) |
| 16:42 | Create | Villager (Male) |
| 17:16 | Age | Castle Age |
| 17:24 | Build | Town Center |
| 17:31 | Build | Palisade Wall |
| 17:52 | Build | Town Center |
| 18:15 | Create | Villager (Male) |
| 18:15 | Create | Villager (Male) |
| 18:15 | Create | Villager (Male) |
| 18:40 | Build | Palisade Wall |
| 18:51 | Build | House |
| 18:52 | Build | House |
| 18:53 | Build | House |
| 18:56 | Build | Palisade Wall |
| 18:57 | Build | Palisade Wall |
| 19:02 | Create | Villager (Male) |
| 19:03 | Create | Villager (Male) |
| 19:03 | Create | Villager (Male) |
| 19:03 | Create | Villager (Male) |
| 19:04 | Create | Villager (Male) |
| 19:16 | Create | Villager (Male) |
| 19:16 | Create | Villager (Male) |
| 19:20 | Create | Villager (Male) |
| 19:20 | Create | Villager (Male) |
| 19:46 | Build | House |
| 19:47 | Build | House |
| 20:13 | Create | Villager (Male) |
| 20:14 | Create | Villager (Male) |
| 20:20 | Build | House |
| 20:22 | Build | House |
| 20:23 | Build | House |
| 20:25 | Build | House |
| 20:28 | Build | House |
| 20:33 | Create | Villager (Male) |
| 20:33 | Create | Villager (Male) |
| 20:33 | Create | Villager (Male) |
| 20:33 | Create | Villager (Male) |
| 20:37 | Build | Farm |
| 20:37 | Build | Farm |
| 20:37 | Build | Farm |
| 20:39 | Build | Farm |
| 20:42 | Build | Farm |
| 20:42 | Build | Farm |
| 20:50 | Create | Villager (Male) |
| 20:50 | Create | Villager (Male) |
| 20:55 | Build | Farm |
| 20:56 | Build | Farm |
| 20:57 | Build | Farm |
| 20:59 | Build | Farm |
| 21:04 | Build | Farm |
| 21:11 | Create | Villager (Male) |
| 21:11 | Create | Villager (Male) |
| 21:21 | Build | Farm |
| 21:25 | Build | Farm |
| 21:35 | Build | Farm |
| 21:38 | Build | Farm |
| 21:42 | Create | Villager (Male) |
| 21:43 | Create | Villager (Male) |
| 21:59 | Build | Farm |
| 22:04 | Build | Farm |
| 22:05 | Create | Villager (Male) |
| 22:06 | Create | Villager (Male) |
| 22:10 | Build | Farm |
| 22:15 | Create | Villager (Male) |
| 22:15 | Create | Villager (Male) |
| 22:16 | Create | Villager (Male) |
| 22:16 | Create | Villager (Male) |
| 22:52 | Build | Mining Camp |
| 22:57 | Create | Villager (Male) |
| 22:57 | Create | Villager (Male) |
| 22:57 | Create | Villager (Male) |
| 22:57 | Create | Villager (Male) |
| 22:58 | Create | Villager (Male) |
| 22:59 | Create | Villager (Male) |
| 23:11 | Research | Bow Saw |
| 23:11 | Research | Bow Saw |
| 23:25 | Build | Mill |
| 23:26 | Build | Farm |
| 23:26 | Build | Farm |
| 23:26 | Build | Farm |
| 23:26 | Build | Farm |
| 23:26 | Build | Farm |
| 23:27 | Build | Farm |
| 23:28 | Build | Farm |
| 23:52 | Create | Villager (Male) |
| 23:52 | Create | Villager (Male) |
| 23:55 | Create | Villager (Male) |
| 24:04 | Build | Barracks |
| 24:17 | Research | Horse Collar |
| 24:17 | Research | Horse Collar |
| 24:20 | Research | Stone Mining |
| 24:20 | Research | Stone Mining |
| 24:22 | Create | Villager (Male) |
| 24:22 | Create | Villager (Male) |
| 24:22 | Create | Villager (Male) |
| 25:00 | Build | Archery Range |
| 25:02 | Build | Archery Range |
| 25:07 | Create | Villager (Male) |
| 25:08 | Create | Villager (Male) |
| 25:08 | Create | Villager (Male) |
| 25:08 | Create | Villager (Male) |
Build order — Kuba
First 150 of 204 actions detected
| 0:13 | Build | Dock |
| 0:16 | Build | House |
| 0:30 | Build | Town Center |
| 2:33 | Create | Villager (Male) |
| 2:33 | Create | Villager (Male) |
| 2:33 | Create | Villager (Male) |
| 2:33 | Create | Villager (Male) |
| 3:16 | Create | Fishing Ship |
| 3:17 | Create | Fishing Ship |
| 3:25 | Create | Villager (Male) |
| 4:27 | Build | House |
| 4:47 | Create | Villager (Male) |
| 4:47 | Create | Villager (Male) |
| 5:02 | Research | Loom |
| 5:28 | Create | Villager (Male) |
| 5:28 | Create | Villager (Male) |
| 5:40 | Create | Fishing Ship |
| 5:56 | Create | Villager (Male) |
| 5:56 | Create | Villager (Male) |
| 6:13 | Create | Villager (Male) |
| 6:13 | Create | Villager (Male) |
| 6:46 | Build | House |
| 6:57 | Create | Villager (Male) |
| 7:33 | Create | Villager (Male) |
| 7:40 | Create | Fishing Ship |
| 7:40 | Create | Fishing Ship |
| 7:42 | Create | Villager (Male) |
| 7:43 | Create | Villager (Male) |
| 7:58 | Build | House |
| 8:04 | Build | Palisade Wall |
| 8:41 | Create | Villager (Male) |
| 8:44 | Create | Fishing Ship |
| 8:48 | Create | Villager (Male) |
| 9:03 | Build | Mill |
| 9:04 | Create | Villager (Male) |
| 9:04 | Create | Villager (Male) |
| 9:33 | Build | House |
| 9:50 | Create | Villager (Male) |
| 9:51 | Create | Villager (Male) |
| 10:03 | Build | House |
| 10:41 | Create | Fishing Ship |
| 10:41 | Create | Fishing Ship |
| 10:41 | Create | Fishing Ship |
| 11:00 | Build | Dock |
| 11:02 | Create | Villager (Male) |
| 11:19 | Create | Villager (Male) |
| 11:55 | Create | Villager (Male) |
| 12:02 | Create | Fishing Ship |
| 12:03 | Create | Fishing Ship |
| 12:03 | Create | Fishing Ship |
| 12:03 | Create | Fishing Ship |
| 12:15 | Create | Fishing Ship |
| 12:16 | Create | Fishing Ship |
| 12:37 | Create | Villager (Male) |
| 13:03 | Create | Villager (Male) |
| 13:27 | Research | Feudal Age |
| 13:34 | Build | House |
| 13:36 | Build | House |
| 13:41 | Build | Barracks |
| 14:12 | Build | Outpost |
| 14:14 | Create | Villager (Male) |
| 14:14 | Create | Villager (Male) |
| 14:19 | Build | House |
| 14:32 | Build | Palisade Wall |
| 14:32 | Build | Palisade Wall |
| 15:24 | Build | Mining Camp |
| 15:37 | Age | Feudal Age |
| 15:53 | Build | Watch Tower |
| 15:56 | Create | Villager (Male) |
| 15:56 | Create | Villager (Male) |
| 16:13 | Build | Watch Tower |
| 16:15 | Create | Villager (Male) |
| 16:53 | Create | Villager (Male) |
| 16:53 | Create | Villager (Male) |
| 17:11 | Create | Fishing Ship |
| 17:12 | Create | Fishing Ship |
| 17:35 | Create | Villager (Male) |
| 17:35 | Create | Villager (Male) |
| 18:12 | Build | Market |
| 18:25 | Build | House |
| 18:27 | Create | Villager (Male) |
| 18:27 | Create | Villager (Male) |
| 18:46 | Build | House |
| 18:56 | Create | Villager (Male) |
| 18:56 | Create | Villager (Male) |
| 19:01 | Build | Blacksmith |
| 19:21 | Research | Castle Age |
| 19:21 | Research | Castle Age |
| 19:24 | Create | Villager (Male) |
| 19:24 | Create | Villager (Male) |
| 19:43 | Build | Palisade Wall |
| 19:47 | Build | Palisade Wall |
| 19:48 | Build | Palisade Wall |
| 19:48 | Build | Palisade Wall |
| 19:54 | Build | Palisade Wall |
| 20:33 | Build | Dock |
| 20:37 | Create | Fishing Ship |
| 20:56 | Build | Farm |
| 20:58 | Build | Farm |
| 21:17 | Build | Lumber Camp |
| 21:19 | Create | Villager (Male) |
| 21:19 | Create | Villager (Male) |
| 21:19 | Create | Villager (Male) |
| 21:23 | Research | Gold Mining |
| 22:02 | Age | Castle Age |
| 22:04 | Build | Castle |
| 22:11 | Create | Villager (Male) |
| 22:11 | Create | Villager (Male) |
| 22:28 | Create | Villager (Male) |
| 22:28 | Create | Villager (Male) |
| 22:32 | Build | House |
| 22:58 | Build | Farm |
| 23:08 | Build | Siege Workshop |
| 23:13 | Create | Villager (Male) |
| 23:13 | Create | Villager (Male) |
| 23:44 | Create | Berserk |
| 23:52 | Create | Battering Ram |
| 23:55 | Create | Mangonel |
| 24:01 | Create | Berserk |
| 24:01 | Create | Berserk |
| 24:04 | Build | Farm |
| 24:06 | Build | Farm |
| 24:17 | Build | Farm |
| 24:18 | Create | Villager (Male) |
| 24:26 | Build | Palisade Wall |
| 24:26 | Build | Palisade Wall |
| 24:27 | Build | Palisade Wall |
| 24:30 | Build | Palisade Wall |
| 24:31 | Build | Palisade Wall |
| 24:32 | Build | Palisade Wall |
| 24:33 | Build | Palisade Wall |
| 24:34 | Build | Palisade Wall |
| 24:34 | Build | Palisade Wall |
| 24:35 | Build | Palisade Wall |
| 24:49 | Build | Palisade Wall |
| 24:50 | Create | Villager (Male) |
| 24:53 | Create | Villager (Male) |
| 25:08 | Create | Mangonel |
| 25:09 | Create | Mangonel |
| 25:16 | Build | Farm |
| 25:17 | Create | Berserk |
| 25:17 | Create | Berserk |
| 25:22 | Build | Farm |
| 25:25 | Build | Farm |
| 25:31 | Research | Horse Collar |
| 26:14 | Build | Siege Workshop |
| 26:24 | Build | Castle |
| 26:31 | Create | Villager (Male) |
| 26:31 | Create | Villager (Male) |
| 26:36 | Research | Padded Archer Armor |
Build order — Burx
First 150 of 159 actions detected
| 0:25 | Build | Town Center |
| 1:20 | Build | Dock |
| 1:24 | Build | House |
| 2:43 | Create | Villager (Male) |
| 2:43 | Create | Villager (Male) |
| 2:56 | Create | Villager (Male) |
| 2:57 | Create | Villager (Male) |
| 3:44 | Create | Fishing Ship |
| 4:09 | Build | House |
| 4:29 | Create | Villager (Male) |
| 4:40 | Create | Fishing Ship |
| 5:35 | Create | Fishing Ship |
| 5:38 | Create | Villager (Male) |
| 5:43 | Create | Villager (Male) |
| 5:43 | Create | Villager (Male) |
| 6:08 | Build | House |
| 6:38 | Build | House |
| 6:47 | Create | Villager (Male) |
| 6:47 | Create | Villager (Male) |
| 6:50 | Create | Villager (Male) |
| 7:01 | Research | Loom |
| 7:01 | Create | Villager (Male) |
| 7:08 | Create | Villager (Male) |
| 7:35 | Create | Fishing Ship |
| 8:00 | Create | Fishing Ship |
| 8:05 | Create | Villager (Male) |
| 8:45 | Create | Villager (Male) |
| 8:56 | Build | House |
| 8:57 | Build | House |
| 9:11 | Create | Villager (Male) |
| 9:12 | Create | Villager (Male) |
| 9:47 | Create | Villager (Male) |
| 9:51 | Create | Fishing Ship |
| 10:17 | Build | Mill |
| 10:28 | Create | Villager (Male) |
| 10:29 | Create | Fishing Ship |
| 10:52 | Create | Villager (Male) |
| 11:16 | Build | Dock |
| 11:24 | Research | Feudal Age |
| 11:50 | Build | Mining Camp |
| 11:58 | Build | Mining Camp |
| 12:38 | Create | Villager (Male) |
| 12:38 | Create | Villager (Male) |
| 13:04 | Build | Barracks |
| 13:25 | Create | Villager (Male) |
| 13:29 | Create | Villager (Male) |
| 13:34 | Age | Feudal Age |
| 13:42 | Create | Unit 2626 |
| 14:19 | Build | Archery Range |
| 14:39 | Create | Unit 2626 |
| 14:42 | Create | Villager (Male) |
| 15:04 | Create | Unit 2626 |
| 15:14 | Create | Unit 2626 |
| 15:19 | Create | Villager (Male) |
| 15:26 | Build | House |
| 15:31 | Build | House |
| 15:47 | Build | House |
| 16:09 | Create | Unit 2626 |
| 16:17 | Create | Villager (Male) |
| 16:18 | Create | Villager (Male) |
| 16:39 | Create | Archer |
| 16:39 | Create | Archer |
| 16:49 | Build | Market |
| 16:53 | Build | House |
| 17:07 | Create | Villager (Male) |
| 17:09 | Create | Villager (Male) |
| 17:09 | Create | Villager (Male) |
| 17:22 | Create | Archer |
| 17:36 | Research | Castle Age |
| 17:41 | Build | Mining Camp |
| 17:48 | Create | Archer |
| 18:27 | Build | Blacksmith |
| 18:43 | Research | Stone Mining |
| 18:49 | Create | Villager (Male) |
| 18:49 | Create | Villager (Male) |
| 19:12 | Create | Fishing Ship |
| 19:28 | Build | Lumber Camp |
| 19:45 | Create | Villager (Male) |
| 20:07 | Research | Fletching |
| 20:18 | Age | Castle Age |
| 20:26 | Research | Double-Bit Axe |
| 21:40 | Build | Castle |
| 21:45 | Create | Villager (Male) |
| 21:45 | Create | Villager (Male) |
| 21:54 | Research | Bow Saw |
| 21:55 | Create | Villager (Male) |
| 21:56 | Create | Villager (Male) |
| 22:01 | Create | Fishing Ship |
| 22:05 | Create | Fishing Ship |
| 22:14 | Research | Bodkin Arrow |
| 22:15 | Research | Padded Archer Armor |
| 22:36 | Build | Castle |
| 22:53 | Build | House |
| 23:00 | Build | Town Center |
| 23:04 | Build | House |
| 23:05 | Build | House |
| 23:06 | Build | House |
| 23:08 | Create | Villager (Male) |
| 23:08 | Create | Villager (Male) |
| 23:19 | Build | Mining Camp |
| 23:59 | Create | Spearman |
| 23:59 | Create | Spearman |
| 23:59 | Create | Spearman |
| 24:54 | Create | Spearman |
| 24:55 | Create | Spearman |
| 25:07 | Create | Villager (Male) |
| 25:07 | Create | Villager (Male) |
| 25:08 | Research | Wheelbarrow |
| 25:09 | Create | Villager (Male) |
| 25:10 | Create | Villager (Male) |
| 25:11 | Create | Villager (Male) |
| 25:11 | Create | Villager (Male) |
| 25:16 | Build | Town Center |
| 25:32 | Build | Town Center |
| 26:08 | Build | Castle |
| 26:31 | Build | Castle |
| 27:02 | Build | House |
| 27:18 | Build | House |
| 27:58 | Build | Castle |
| 27:59 | Build | Mining Camp |
| 28:00 | Create | Villager (Male) |
| 28:01 | Create | Villager (Male) |
| 28:01 | Create | Villager (Male) |
| 28:01 | Create | Villager (Male) |
| 28:01 | Create | Villager (Male) |
| 28:03 | Build | Mining Camp |
| 28:09 | Create | Trade Cart |
| 28:14 | Create | Fishing Ship |
| 28:19 | Create | Villager (Male) |
| 28:20 | Create | Villager (Male) |
| 28:21 | Create | Villager (Male) |
| 28:22 | Create | Villager (Male) |
| 28:43 | Build | House |
| 28:47 | Create | Villager (Male) |
| 28:49 | Research | Town Watch |
| 29:01 | Create | Genoese Crossbowman |
| 29:01 | Create | Genoese Crossbowman |
| 29:01 | Create | Genoese Crossbowman |
| 29:05 | Build | House |
| 29:10 | Build | House |
| 29:11 | Build | House |
| 29:19 | Build | Outpost |
| 29:22 | Create | Genoese Crossbowman |
| 29:27 | Build | House |
| 29:29 | Build | House |
| 29:30 | Build | House |
| 29:38 | Build | Stone Wall |
| 30:16 | Create | Villager (Male) |
| 30:16 | Create | Villager (Male) |
| 30:23 | Create | Genoese Crossbowman |
Build order — DeineMudda
149 actions detected in the replay
| 0:25 | Build | Town Center |
| 1:21 | Build | Dock |
| 1:23 | Build | House |
| 2:46 | Create | Villager (Male) |
| 2:47 | Create | Villager (Male) |
| 2:47 | Create | Villager (Male) |
| 2:47 | Create | Villager (Male) |
| 3:29 | Build | House |
| 3:57 | Create | Fishing Ship |
| 4:31 | Create | Villager (Male) |
| 4:53 | Create | Fishing Ship |
| 5:14 | Create | Villager (Male) |
| 5:38 | Create | Villager (Male) |
| 5:47 | Build | House |
| 5:57 | Create | Villager (Male) |
| 6:11 | Research | Loom |
| 6:27 | Create | Fishing Ship |
| 6:31 | Create | Villager (Male) |
| 6:48 | Create | Villager (Male) |
| 6:57 | Create | Villager (Male) |
| 7:14 | Create | Fishing Ship |
| 7:20 | Create | Villager (Male) |
| 7:47 | Create | Villager (Male) |
| 7:54 | Build | House |
| 7:57 | Create | Fishing Ship |
| 8:23 | Create | Villager (Male) |
| 8:54 | Create | Fishing Ship |
| 9:08 | Create | Villager (Male) |
| 9:12 | Build | House |
| 9:18 | Create | Villager (Male) |
| 9:35 | Create | Villager (Male) |
| 9:37 | Create | Fishing Ship |
| 10:20 | Create | Fishing Ship |
| 10:31 | Create | Villager (Male) |
| 10:32 | Create | Villager (Male) |
| 10:46 | Build | Dock |
| 11:14 | Build | House |
| 11:18 | Create | Villager (Male) |
| 11:22 | Create | Fishing Ship |
| 11:53 | Create | Villager (Male) |
| 11:53 | Create | Villager (Male) |
| 11:59 | Create | Fishing Ship |
| 12:12 | Build | Mule Cart |
| 12:21 | Build | House |
| 12:32 | Research | Feudal Age |
| 12:51 | Build | House |
| 13:01 | Create | Villager (Male) |
| 13:02 | Create | Villager (Male) |
| 13:12 | Create | Fishing Ship |
| 13:30 | Create | Fishing Ship |
| 14:53 | Build | Barracks |
| 14:57 | Age | Feudal Age |
| 14:58 | Build | House |
| 15:10 | Build | Blacksmith |
| 15:31 | Build | Mill |
| 15:39 | Create | Villager (Male) |
| 15:48 | Create | Demolition Raft |
| 15:51 | Create | Fishing Ship |
| 15:51 | Create | Fishing Ship |
| 16:02 | Build | House |
| 16:12 | Create | Villager (Male) |
| 16:15 | Create | Villager (Male) |
| 16:28 | Build | Market |
| 16:51 | Create | Villager (Male) |
| 17:01 | Research | Castle Age |
| 17:10 | Research | Double-Bit Axe |
| 17:18 | Create | Fishing Ship |
| 17:23 | Research | Tech 906 |
| 17:27 | Create | Fishing Ship |
| 17:30 | Research | Tech 906 |
| 18:36 | Build | Stable |
| 18:50 | Build | House |
| 18:58 | Build | House |
| 19:15 | Build | House |
| 19:21 | Build | House |
| 19:30 | Build | Stable |
| 19:34 | Create | Villager (Male) |
| 19:35 | Create | Villager (Male) |
| 19:44 | Age | Castle Age |
| 19:47 | Build | Town Center |
| 19:53 | Create | Knight |
| 19:53 | Create | Knight |
| 19:58 | Research | Scale Barding Armor |
| 20:03 | Create | Villager (Male) |
| 20:19 | Build | Stable |
| 20:26 | Build | Mule Cart |
| 20:29 | Create | Villager (Male) |
| 20:42 | Research | Forging |
| 21:04 | Research | Bloodlines |
| 21:10 | Build | Siege Workshop |
| 21:16 | Create | Knight |
| 21:17 | Create | Knight |
| 21:31 | Create | Villager (Male) |
| 21:31 | Create | Villager (Male) |
| 21:32 | Create | Villager (Male) |
| 21:50 | Create | Villager (Male) |
| 21:50 | Create | Villager (Male) |
| 21:50 | Create | Villager (Male) |
| 22:28 | Create | Villager (Male) ×5 |
| 23:07 | Build | Castle |
| 23:44 | Create | Villager (Male) |
| 23:45 | Create | Villager (Male) |
| 24:02 | Research | Husbandry |
| 24:03 | Create | Knight ×3 |
| 24:29 | Create | Monaspa |
| 24:30 | Create | Monaspa |
| 24:39 | Create | Fishing Ship |
| 24:40 | Create | Fishing Ship |
| 24:57 | Create | Villager (Male) |
| 25:02 | Build | Farm |
| 25:03 | Build | Farm |
| 25:03 | Build | Farm |
| 25:04 | Build | Farm |
| 25:05 | Build | Farm |
| 25:53 | Research | Scale Mail Armor |
| 26:08 | Create | Villager (Male) ×5 |
| 26:29 | Build | Castle |
| 27:08 | Create | Villager (Male) ×4 |
| 27:55 | Research | Wheelbarrow |
| 27:55 | Create | Villager (Male) |
| 28:06 | Build | Town Center |
| 28:08 | Create | Villager (Male) |
| 28:19 | Build | Siege Workshop |
| 28:34 | Create | Battering Ram |
| 28:35 | Create | Battering Ram |
| 28:43 | Create | Villager (Male) ×2 |
| 28:48 | Create | Battering Ram |
| 28:48 | Create | Battering Ram |
| 29:04 | Create | Knight ×2 |
| 29:56 | Create | Villager (Male) ×4 |
| 30:12 | Create | Villager (Male) ×3 |
| 30:17 | Build | Farm |
| 30:17 | Build | Farm |
| 30:17 | Build | Farm |
| 30:17 | Build | Farm |
| 30:18 | Build | Farm |
| 30:18 | Build | Farm |
| 30:21 | Build | Farm |
| 30:21 | Build | Farm |
| 30:22 | Build | Farm |
| 30:22 | Build | Farm |
| 30:23 | Build | Farm |
| 30:23 | Build | Farm |
| 30:30 | Build | Monastery |
| 30:56 | Research | Town Watch |
| 31:06 | Build | Fish Trap |
| 31:10 | Create | Villager (Male) ×2 |
| 31:11 | Create | Villager (Male) |
| 31:21 | Research | Horse Collar |
Match timeline
| 0:13 | Kuba · first_building Dock |
| 1:20 | Burx · first_building Dock |
| 1:21 | DeineMudda · first_building Dock |
| 1:38 | Balls · first_building Dock |
| 8:04 | Kuba · wall_segment Palisade Wall x3 |
| 13:04 | Burx · first_building Barracks |
| 13:14 | Balls · age_up feudal |
| 13:34 | Burx · age_up feudal |
| 13:41 | Kuba · first_building Barracks |
| 13:45 | Balls · wall_segment Palisade Wall x8 |
| 14:19 | Burx · first_building Archery Range |
| 14:32 | Kuba · wall_segment Palisade Wall x1 |
| 14:32 | Kuba · wall_segment Palisade Wall x1 |
| 14:53 | DeineMudda · first_building Barracks |
| 14:57 | DeineMudda · age_up feudal |
| 15:37 | Kuba · age_up feudal |
| 17:16 | Balls · age_up castle |
| 17:31 | Balls · wall_segment Palisade Wall x10 |
| 17:33 | Burx · first_market_sell 100 food |
| 17:49 | Balls · first_market_buy 100 wood |
| 18:36 | DeineMudda · first_building Stable |
| 18:40 | Balls · wall_segment Palisade Wall x9 |
| 18:56 | Balls · wall_segment Palisade Wall x1 |
| 18:57 | Balls · wall_segment Palisade Wall x1 |
| 19:43 | Kuba · wall_segment Palisade Wall x1 |
| 19:44 | DeineMudda · age_up castle |
| 19:47 | Kuba · wall_segment Palisade Wall x1 |
| 19:48 | Kuba · wall_segment Palisade Wall x1 |
| 19:48 | Kuba · wall_segment Palisade Wall x1 |
| 19:54 | Kuba · wall_segment Palisade Wall x1 |
| 20:18 | Burx · age_up castle |
| 21:10 | DeineMudda · first_building Siege Workshop |
| 21:13 | Kuba · first_market_buy 100 wood |
| 21:40 | Burx · first_building Castle |
| 21:59 | DeineMudda · first_market_sell 100 food |
| 22:00 | DeineMudda · first_market_buy 100 stone |
| 22:02 | Kuba · age_up castle |
| 22:04 | Kuba · first_building Castle |
| 23:07 | DeineMudda · first_building Castle |
| 23:08 | Kuba · first_building Siege Workshop |
| 24:04 | Balls · first_building Barracks |
| 24:26 | Kuba · wall_segment Palisade Wall x1 |
| 24:26 | Kuba · wall_segment Palisade Wall x1 |
| 24:27 | Kuba · wall_segment Palisade Wall x1 |
| 24:30 | Kuba · wall_segment Palisade Wall x1 |
| 24:31 | Kuba · wall_segment Palisade Wall x1 |
| 24:32 | Kuba · wall_segment Palisade Wall x1 |
| 24:33 | Kuba · wall_segment Palisade Wall x1 |
| 24:34 | Kuba · wall_segment Palisade Wall x1 |
| 24:34 | Kuba · wall_segment Palisade Wall x1 |
| 24:35 | Kuba · wall_segment Palisade Wall x1 |
| 24:49 | Kuba · wall_segment Palisade Wall x7 |
| 25:00 | Balls · first_building Archery Range |
| 26:03 | Burx · first_market_buy 100 stone |
| 26:51 | Balls · first_building Castle |
| 27:34 | Balls · first_market_sell 100 food |
| 29:38 | Burx · wall_segment Stone Wall x4 |
| 30:30 | DeineMudda · first_building Monastery |
| 31:17 | Burx · first_building Monastery |
| 31:17 | Balls · resign |
[ AI ANALYSIS · 1 CREDIT ]
What really happened in this match?
Wolo.gg analyzes every decision: build order, eco, micro, common mistakes by bracket. Personalized analysis on WhatsApp or Discord in 30 seconds.
Civ guide
Mongols
Perfil
Balls